 Dungeon Crawl Stone Soup version 0.17-a0-2127-g1cb09f6 (webtiles) character file.

98 tp1 the Magician (level 4, -3/24 HPs)
             Began as a Deep Elf Conjurer on Oct 21, 2015.
             Slain by a kobold
             ... wielding a +0 flail
              (7 damage)
             ... on level 2 of the Dungeon on Oct 22, 2015.
             The game lasted 00:12:23 (1877 turns).

tp1 the Magician (Deep Elf Conjurer)                Turns: 1877, Time: 00:12:23

Health: -3/24      AC:  3    Str:  5    XL:     4   Next: 44%
Magic:  0/13       EV: 14    Int: 21    God:
Gold:   7          SH:  0    Dex: 15    Spells: 3 memorised, 7 levels left

rFire  . . .     SeeInvis .     i - +0 dagger
rCold  . . .     Clarity  .     a - +0 robe
rNeg   . . .     SustAt   .     (no shield)
rPois  .         Gourm    .     (no helmet)
rElec  .         Spirit   .     n - +0 cloak
rCorr  .         Warding  .     (no gloves)
rMut   .         Stasis   .     (no boots)
MR     .....                    (no amulet)
Stlth  ++........               (no ring)
                                (no ring)

@: very slightly contaminated, not resistant to hostile enchantments, unstealthy
A: no striking features
a: no special abilities


You were on level 2 of the Dungeon.
You were not hungry.

You visited 1 branch of the dungeon, and saw 2 of its levels.

You collected 7 gold pieces.

Inventory:

Hand Weapons
 i - a +0 dagger (weapon)
Armour
 a - a +0 robe (worn)
 n - a +0 cloak (worn)
Jewellery
 h - a +3 ring of evasion {unknown}
Scrolls
 e - a scroll of immolation {unknown}
 f - 2 scrolls of teleportation {unknown}
 g - a scroll of identify {unknown}
 k - a scroll of enchant armour {unknown}
 l - a scroll of random uselessness {unknown}
Potions
 m - a potion of curing {unknown}
Books
 b - a book of Conjurations

   Spells                             Type                      Level
   a - Magic Dart                     Conjuration                  1
   b - Searing Ray                    Conjuration                  2
   c - Dazzling Spray                 Conjuration/Hexes            3
   d - Fulminant Prism                Conjuration/Hexes            4
   e - Iskenderun's Mystic Blast      Conjuration                  4
   f - Iskenderun's Battlesphere      Conjuration/Charms           5
Comestibles
 c - 2 bread rations
 d - a beef jerky
 j - a meat ration
 o - a chunk of flesh


   Skills:
 - Level 4.0 Dodging
 - Level 2.4 Stealth
 - Level 5.3 Spellcasting
 + Level 4.3 Conjurations


You had 7 spell levels left.
You knew the following spells:

 Your Spells              Type           Power        Failure   Level  Hunger
a - Magic Dart            Conj           ###.         1%          1    None
b - Searing Ray           Conj           ###...       2%          2    None
c - Dazzling Spray        Conj/Hex       ##......     14%         3    ##.....


Dungeon Overview and Level Annotations

Branches:
Dungeon (2/15)

Altars:
Nemelex Xobeh


Message History

Casting: Magic Dart
Confirm with . or Enter, or press ? or * to list all spells.
Aiming: Magic Dart
Press: ? - help, Shift-Dir - straight line, f/p - Ijyb
Aim: Ijyb (almost dead)
The magic dart hits Ijyb.
You kill Ijyb!
Your Spellcasting skill increases to level 5!
The kobold closely misses you. The goblin completely misses you.
You closely miss the kobold. The kobold hits you with a flail.
The goblin closely misses you.
You barely miss the kobold. The goblin closely misses you.
The kobold hits you with a flail.
You barely miss the kobold. You barely miss the kobold.
The goblin hits you with a club. The kobold hits you with a flail!
* * * LOW HITPOINT WARNING * * *
You closely miss the kobold. The goblin misses you.
The kobold hits you with a flail!
You die...

#.....÷...#(..
##.).....#.....
#............#.#..#
#.####.#+#...?.#..#
#.#.###†.....#
..#.....#.#.....
..####.###.# ..##
... #†g.# .. ...
.?. #@#.....). ..
#.Kg.###... .
###..# #..# #).#
..# ...# ##.. ###


You could see 2 goblins and a kobold.

Vanquished Creatures
  Ijyb (D:2)
  2 adders
  2 oozes (D:1)
  2 giant geckos
  9 goblins
  4 hobgoblins (D:1)
  3 jackals (D:2)
  2 kobolds
  5 bats (D:1)
  3 giant cockroaches (D:1)
  2 giant newts (D:1)
  7 rats (D:1)
42 creatures vanquished.

Notes
Turn   | Place    | Note
--------------------------------------------------------------
     0 | D:1      | tp1 the Deep Elf Conjurer began the quest for the Orb.
     0 | D:1      | Reached XP level 1. HP: 10/10 MP: 6/6
   179 | D:1      | Upgraded the game from 0.17-a0-2122-g03d97ec to 0.17-a0-2127-g1cb09f6
   353 | D:1      | Reached XP level 2. HP: 15/15 MP: 5/8
   766 | D:1      | Reached XP level 3. HP: 19/19 MP: 7/9
   770 | D:1      | Learned a level 2 spell: Searing Ray
   774 | D:1      | Learned a level 3 spell: Dazzling Spray
   809 | D:1      | Found a sparkling altar of Nemelex Xobeh.
  1210 | D:1      | Found a sparkling altar of Nemelex Xobeh.
  1803 | D:2      | Reached XP level 4. HP: 24/24 MP: 4/12
  1850 | D:2      | Noticed Ijyb
  1872 | D:2      | Killed Ijyb
  1872 | D:2      | Reached skill level 5 in Spellcasting
  1877 | D:2      | Slain by a kobold

Vault maps used:
D:1:      grunt_arrival_lava_bath, minmay_misc_feat_five,
          nemelex_xobeh_ov_fountains_minmay
D:2:      xom_redecorated, old_standard_altar, uniq_iyjb, uniq_jessica

Action                   |  1- 3 |  4- 6 || total
-------------------------+-------+-------++-------
Melee: Unarmed           |     4 |       ||     4
       Dagger            |       |    21 ||    21
 Cast: Magic Dart        |    68 |    11 ||    79
       Searing Ray       |     7 |       ||     7
       Dazzling Spray    |     1 |       ||     1
  Eat: Chunk             |     3 |       ||     3
